 Dungeon Crawl Stone Soup version 0.21-a0-528-gf531e82 (webtiles) character file.

252 tof the Shooter (level 5, 0/45 HPs)
             Began as a Centaur Hunter on Dec 8, 2017.
             Succumbed to a scorpion's poison
             ... on level 2 of the Dungeon.
             The game lasted 00:06:06 (3334 turns).

tof the Shooter (Centaur Hunter)                    Turns: 3334, Time: 00:06:07

Health: 0/45       AC:  6    Str: 13 (15) XL:     5   Next: 89%
Magic:  5/5        EV:  9    Int:  9 (10) God:
Gold:   161        SH:  0    Dex:  8 (10) Spells: 4/4 levels left

rFire    . . .     SeeInvis .   b - +0 dagger (holy)
rCold    + . .     Gourm    .   (no shield)
rNeg     . . .     Faith    +   c - +0 leather armour
rPois    +         Spirit   .   t - +0 hat
rElec    .         Reflect  .   (no cloak)
rCorr    .         Harm     .   (no gloves)
MR       .....     Rnd*Rage +   (no barding)
Stlth    +.........             r - amulet of faith
HPRegen  0.15/turn              (no ring)
MPRegen  0.09/turn              (no ring)

@: lethally poisoned (0 -> -6), very quick
A: large, hooves 3, slimy green scales 1, berserk 1, cold resistance 1, deformed
body, speed 2, poison resistance, tough skin 3
a: no special abilities


You were on level 2 of the Dungeon.
You were not hungry.

You visited 1 branch of the dungeon, and saw 4 of its levels.

You collected 161 gold pieces.

Inventory:

Hand Weapons
 a - a +1 shortbow
 b - a +0 dagger of holy wrath (weapon)
Missiles
 d - 110 arrows
Armour
 c - a +0 leather armour (worn)
 t - a +0 hat (worn)
Jewellery
 r - an amulet of faith (around neck)
Wands
 q - a wand of polymorph (15)
Scrolls
 h - 2 scrolls of identify
 i - a scroll of random uselessness
 l - 2 scrolls of fear {unknown}
 n - a scroll of amnesia {unknown}
 p - a scroll of blinking {unknown}
 u - a scroll of magic mapping {unknown}
Comestibles
 f - 5 bread rations
 j - 3 meat rations
 k - 4 fruits


   Skills:
 + Level 3.1 Fighting
 + Level 1.5 Short Blades
 * Level 6.9 Bows
 + Level 1.1 Armour
 - Level 1.8 Dodging
 + Level 1.6 Stealth


You had 4 spell levels left.
You didn't know any spells.

Dungeon Overview and Level Annotations

Branches:
Dungeon (4/15)
 Temple: D:4-7

Altars:
Gozag
Xom
Zin
The Shining One


Innate Abilities, Weirdness & Mutations

You have hooves in place of feet.
Armour fits poorly on your strangely shaped body.
You cover ground very quickly.
You have extremely tough skin. (AC +3)
You are partially covered in slimy green scales. (AC +2)
You tend to lose your temper in combat.
Your flesh is cold resistant. (rC+)
Your system is resistant to poisons. (rPois)


Message History

You feel sick.
* * * LOW HITPOINT WARNING * * *
You feel sick.
* * * LOW HITPOINT WARNING * * *
You feel sick.
* * * LOW HITPOINT WARNING * * *
You feel sick.
Sorry, you're not good enough to have a special ability.
You aren't carrying any potions.
As you read the scroll labeled AQAZ NIEBUNEL, it crumbles to dust.
The creatures around you are filled with an inner flame!
It was a scroll of immolation.
* * * LOW HITPOINT WARNING * * *
You feel sick.
As you read the scroll labeled PALIALANOA, it crumbles to dust.
You feel blessed for a moment.
It was a scroll of remove curse.
As you read the scroll labeled TISTRE EMPUEST, it crumbles to dust.
It is a scroll of identify.
i - a scroll of random uselessness You die...

#### #..#.#.# #..# #.#
#..#####.#.#.###.####.####
#(........................
#.(#####.#.##..###....#...
##..# #.s.##...#.........
##.# #..##..#.)....<....
#.## #..##.##.........#.
#..# #..##.##.........._
##.###.@....##........#.
#.(.....<...#.#...##...
#..###.........########
#..# #.......#.)####...
#..# #.......#.†...#.##
#..# ##.....##.....#.#
#.## #.......#.......# ###
#.......#####'####
#.......##.......#


You could see a scorpion (inner flame).

Vanquished Creatures
  A phantom (D:2)
  A gnoll (D:3)
  7 adders
  3 oozes (D:3)
  A worm (D:3)
  3 dart slugs (D:1)
  A leopard gecko (D:1)
  An orc (D:3)
  4 bats
  7 giant cockroaches
  10 goblins
  5 hobgoblins
  5 jackals (D:3)
  A quokka (D:3)
  6 frilled lizards
  9 kobolds
  9 rats
74 creatures vanquished.

Notes
Turn   | Place    | Note
-------+----------+-------------------------------------------
     0 | D:1      | tof the Centaur Hunter began the quest for the Orb.
     0 | D:1      | Reached XP level 1. HP: 17/17 MP: 1/1
   169 | D:1      | Reached XP level 2. HP: 17/24 MP: 2/2
   424 | D:1      | Reached skill level 1 in Stealth
   511 | D:1      | Reached XP level 3. HP: 29/30 MP: 3/3
   913 | D:2      | Found a glowing golden altar of the Shining One.
   937 | D:2      | Reached skill level 6 in Bows
   999 | D:2      | Noticed a phantom
  1035 | D:2      | Killed a phantom
  1035 | D:2      | Reached skill level 1 in Short Blades
  1035 | D:2      | Reached XP level 4. HP: 8/37 MP: 4/4
  1035 | D:2      | Reached XP level 5. HP: 9/44 MP: 5/5
  1404 | D:2      | Found a glowing silver altar of Zin.
  1565 | D:2      | Found an opulent altar of Gozag.
  1645 | D:2      | Reached skill level 1 in Armour
  2081 | D:3      | Found a shimmering altar of Xom.
  3304 | D:2      | Gained mutation: Your system is resistant to poisons. (rPois) [potion of mutation]
  3304 | D:2      | Gained mutation: Your flesh is cold resistant. (rC+) [potion of mutation]
  3304 | D:2      | Gained mutation: You tend to lose your temper in combat. [potion of mutation]
  3304 | D:2      | Gained mutation: You are partially covered in slimy green scales. (AC +2) [potion of mutation]
  3329 | D:2      | HP: 2/45 [poisoned by a scorpion]
  3334 | D:2      | Succumbed to a scorpion's poison

Vault maps used:
D:1:      lightli_arrival_statue_moat
D:2:      lemuel_crystal_altar, zin_academy, nicolae_overflow_hidden_temple,
          first_bread, kennysheep_generic_room_10
D:3:      tgw_xom, minmay_unequal
D:4:      kennysheep_generic_room_12

Skill      XL: |  1  2  3  4  5 |
---------------+----------------+-----
Stealth        | 1 |  1.6
Bows           | 6 |  6.9
Short Blades   | 1 |  1.5
Fighting       | 3 |  3.1
Armour         | 1 |  1.1
Dodging        | |  1.8

Action                   |  1- 3 |  4- 6 || total
-------------------------+-------+-------++-------
Melee: Short sword       |    93 |    88 ||   181
       Kick              |    19 |    30 ||    49
       Dagger            |       |    59 ||    59
 Fire: Shortbow          |    26 |    15 ||    41
  Use: Potion            |       |     4 ||     4
       Scroll            |       |     3 ||     3
 Stab: Sleeping          |       |     1 ||     1
  Eat: Chunk             |       |     6 ||     6
Armor: Leather armour    |    41 |    60 ||   101
Dodge: Dodged            |    53 |    82 ||   135

Table legend:
 A = Spawn XP
 B = Non-spawn XP
 C = Spawn XP percentage of total XP
 D = Spawn monster count
 E = Non-spawn monster count
 F = Spawn count percentage of total count
 G = Total turns spent on level
                    A         B        C        D         E        F      G
               +---------+---------+-------+---------+---------+-------+---------
         Total |       0 |     361 |   0.0 |       0 |      74 |   0.0 |  3334
               +---------+---------+-------+---------+---------+-------+---------
           D:1 |       0 |      49 |   0.0 |       0 |      28 |   0.0 |   664
           D:2 |       0 |     214 |   0.0 |       0 |      20 |   0.0 |  1256
           D:3 |       0 |      98 |   0.0 |       0 |      26 |   0.0 |  1398
               +---------+---------+-------+---------+---------+-------+---------
